 Dungeon Crawl Stone Soup version 0.30.1 (webtiles) character file.

Game seed: 2040826309255361239

10523 Donest the Fencer (level 11, -8/75 HPs)
             Began as a Human Berserker on July 12, 2023.
             Was a Priest of Trog.
             Mangled by a large abomination (23 damage)
             ... on level 2 of the Abyss.
             The game lasted 00:39:30 (12013 turns).

Donest the Fencer (Human Berserker)                Turns: 12013, Time: 00:39:31

Health: -8/75      AC: 21    Str: 21    XL:     11   Next: 94%
Magic:  0/11       EV:  7    Int: 10    God:    Trog [***...]
Gold:   1867       SH:  0    Dex: 14    Spells: 10/10 levels left

rFire   . . .        S - +2 scimitar
rCold   + . .        (no shield)
rNeg    . . .        R - +0 plate armour
rPois   .            A - +2 helmet {Int+3}
rElec   .            y - +1 cloak
rCorr   .            i - +0 pair of gloves
SInv    +            (no boots)
Will    .....        e - amulet of guardian spirit Stlth
                     v - ring of see invisible
HPRegen 0.32/turn    q - ring of protection from cold
MPRegen 0.12/turn

%: guardian spirit
@: on berserk cooldown, studying Dodging
A: no striking features
a: Renounce Religion, Berserk, Trog's Hand


You were on level 2 of the Abyss.
You worshipped Trog.
Trog was most pleased with you.
You visited 1 branch of the dungeon, and saw 10 of its levels.
You visited the Abyss 1 time.

You collected 1951 gold pieces.
You spent 84 gold pieces at shops.

Inventory:

Hand Weapons
 a - a +1 falchion
 r - a +0 short sword of electrocution
 w - a +3 triple sword of holy wrath
 E - a +2 dagger of electrocution
 F - a +0 mace
 L - a +0 long sword
 S - a +2 scimitar (weapon)
Missiles
 f - 2 silver boomerangs (quivered)
Armour
 b - a +0 animal skin
 i - a +0 pair of gloves (worn)
 l - a +0 ring mail
 s - +0 acid dragon scales
 u - a +1 scale mail
 y - a +1 cloak (worn)
 A - a +2 helmet of intelligence (worn)
 P - a +0 helmet
 R - a +0 plate armour (worn)
 W - a +0 kite shield
 X - a +0 troll leather armour
Jewellery
 e - an amulet of guardian spirit (around neck)
 q - a ring of protection from cold (right hand)
 v - a ring of see invisible (left hand)
 H - a ring of magical power
 K - a ring of magical power
 M - a ring of poison resistance
 Q - a ring of positive energy
Wands
 d - a wand of polymorph (2)
 g - a wand of flame (7)
Scrolls
 c - 2 scrolls of vulnerability
 h - a scroll of fog
 j - a scroll of poison
 m - a scroll of enchant armour
 t - 2 scrolls of butterflies
 B - 5 scrolls of teleportation
 D - 4 scrolls of magic mapping
 I - 2 scrolls of blinking
 J - a scroll of immolation
 U - a scroll of fear
 V - a scroll of enchant weapon
Potions
 k - 3 potions of might
 n - 2 potions of haste
 o - 2 potions of curing
 p - a potion of magic {unknown}
 x - 4 potions of mutation
 z - 3 potions of lignification
 C - 2 potions of flight
 G - 3 potions of brilliance
 N - a potion of invisibility {unknown}
 O - a potion of ambrosia {unknown}
 T - a potion of berserk rage {unknown}


   Skills:
 - Level 3.0 Fighting
 * Level 15.8 Long Blades
 + Level 8.9 Armour
 - Level 2.0 Dodging
 - Level 1.0 Stealth


You had 10 spell levels left.
You didn't know any spells.
Your spell library contained the following spells:

 Spells                   Type           Power      Damage    Failure   Level
 Frozen Ramparts          Ice            0%         1d1       100%        3
 Ice Form                 Ice/Tmut       0%         N/A       100%        4
 Summon Ice Beast         Ice/Summ       0%         N/A       100%        4


Dungeon Overview and Level Annotations

Branches:
Dungeon (10/15)            Temple (0/1) D:4
   Lair: D:8-11         Orc: D:9-12

Altars:
Gozag
Qazlal
Ru
Xom
Yredelemnul
The Shining One

Shops:
D:3 ?=   D:9 :?*:

Annotations:
D:10 Erolcha


Message History

You can't wield that with only one hand.
You start removing your armour.
You continue taking off your +0 kite shield. x3
The large abomination hits you!!
You continue taking off your +0 kite shield.
The large abomination hits you but does no damage. x2
You finish taking off your +0 kite shield.
Okay, then.
You barely miss the large abomination. The large abomination hits you!
You slash the large abomination!
The large abomination is moderately damaged.
You hit the large abomination.
The large abomination is heavily damaged.
The large abomination hits you!
You closely miss the large abomination.
The large abomination is heavily damaged.
The large abomination closely misses you.
You hit the large abomination.
The large abomination is heavily damaged.
The large abomination hits you!
You slash the large abomination!
The large abomination is severely damaged.
The large abomination hits you.
* * * LOW HITPOINT WARNING * * *
You slash the large abomination!
Your punch misses the large abomination.
The large abomination is almost destroyed.
The large abomination hits you!
* * * LOW HITPOINT WARNING * * *
You hit the large abomination.
The large abomination is almost destroyed.
The large abomination barely misses you.
You hit the large abomination.
The large abomination is almost destroyed.
You feel yourself speed up.
The large abomination hits you but does no damage.
You hit the large abomination but do no damage.
The large abomination is almost destroyed.
The large abomination hits you!!
You die...

.. ... ...
. . ## ...
... #'
#..## # #
#.. .# .#
..# .####.
#.#.##..##
# ##@X.###
#
.###.....#
#....
....# #
####.#.##.
## ..# ...
. . #.# .
... .. ...
.#.. . ..
. ... . #
. #.###


You could see a large abomination.

Vanquished Creatures
  Josephine (D:10)
  A boulder beetle (D:9)
  A two-headed ogre (D:8)
  A centaur warrior (D:9)
  Pikel (D:9)
  2 wizards (D:9)
  A cyclops (D:9)
  A rime drake (shapeshifter) (D:9)
  2 trolls (D:9)
  Prince Ribbit (D:9)
  A slime creature (D:9)
  2 wraiths
  A wyvern (D:8)
  A steam dragon (D:8)
  6 yaks
  Grum (D:9)
  2 water moccasins (D:7)
  An acid dragon (D:9)
  An orc warrior (D:5)
  3 ice beasts
  A sky beast (D:6)
  2 ogres
  2 wolves (D:9)
  2 lemures (D:9)
  6 phantoms
  2 kobold brigands (D:8)
  A gnoll sergeant (D:9)
  3 bullfrogs
  3 scorpions (D:5)
  5 wights
  11 killer bees
  2 howler monkeys
  4 crimson imps (D:8)
  3 hounds
  4 orc priests
  A jelly (D:6)
  A gnoll bouda (D:6)
  7 iguanas
  3 orc wizards
  13 adders
  8 gnolls
  A shadow imp (D:6)
  An ufetubus (D:6)
  2 worms
  A dart slug (D:2)
  21 orcs
  6 bats
  9 endoplasms
  6 giant cockroaches
  6 goblins
  6 hobgoblins
  4 quokkas
  6 ball pythons (D:3)
  4 frilled lizards
  11 kobolds
  4 rats
203 creatures vanquished.

Vanquished Creatures (others)
  A dart slug (D:4)
  2 goblins (D:4)
3 creatures vanquished.

Grand Total: 206 creatures vanquished

Notes
Turn   | Place    | Note
-------+----------+-------------------------------------------
     0 | D:1      | Donest the Human Berserker began the quest for the Orb.
     0 | D:1      | Reached XP level 1. HP: 18/18 MP: 1/1
   156 | D:1      | Reached XP level 2. HP: 17/24 MP: 2/2
   487 | D:1      | Reached XP level 3. HP: 27/29 MP: 3/3
   842 | D:2      | Reached skill level 4 in Long Blades
  1088 | D:2      | Reached XP level 4. HP: 35/35 MP: 4/4
  1296 | D:3      | Reached ** piety under Trog
  1378 | D:3      | Found Arynylil's Jewellery Emporium.
  1716 | D:3      | Reached skill level 5 in Long Blades
  1802 | D:3      | Reached skill level 1 in Stealth
  1802 | D:3      | Reached XP level 5. HP: 38/41 MP: 3/5
  1948 | D:3      | Found Izoeto Okys's Antique Armour Emporium.
  2034 | D:3      | Found Baimaodexo's Magic Scroll Boutique.
  2625 | D:4      | Reached skill level 6 in Long Blades
  2625 | D:4      | Reached XP level 6. HP: 47/47 MP: 6/6
  2917 | D:4      | Noticed an ogre
  2964 | D:3      | Reached skill level 7 in Long Blades
  3098 | D:4      | Killed an ogre
  3099 | D:4      | Reached XP level 7. HP: 52/52 MP: 5/7
  3219 | D:4      | Reached skill level 8 in Long Blades
  3538 | D:4      | Found a staircase to the Ecumenical Temple.
  3602 | D:5      | Entered Level 5 of the Dungeon
  3714 | D:4      | Identified a scroll of acquirement
  3714 | D:4      | Acquired 1226 gold pieces
  4015 | D:5      | Reached XP level 8. HP: 53/58 MP: 5/8
  4070 | D:5      | Reached skill level 9 in Long Blades
  4258 | D:5      | Reached skill level 10 in Long Blades
  4729 | D:5      | Reached *** piety under Trog
  4747 | D:5      | HP: 2/87 [orc priest/divine providence (15)]
  4885 | D:5      | Found a sacrificial altar of Ru.
  5113 | D:5      | Reached XP level 9. HP: 45/63 MP: 7/9
  5369 | D:6      | Reached skill level 11 in Long Blades
  6264 | D:7      | Found a glowing golden altar of the Shining One.
  6469 | D:7      | Reached skill level 12 in Long Blades
  7165 | D:7      | Found an opulent altar of Gozag.
  7177 | D:7      | Reached XP level 10. HP: 35/66 MP: 4/10
  7276 | D:7      | Reached skill level 5 in Armour
  7599 | D:8      | Noticed a two-headed ogre
  7619 | D:8      | Killed a two-headed ogre
  7620 | D:8      | Reached skill level 13 in Long Blades
  7761 | D:8      | Found a shimmering altar of Xom.
  7940 | D:8      | Found a stormy altar of Qazlal.
  8929 | D:9      | Noticed Pikel
  8936 | D:10     | Entered Level 10 of the Dungeon
  9346 | D:9      | Noticed a boulder beetle
  9474 | D:9      | Killed a boulder beetle
  9475 | D:9      | Reached skill level 14 in Long Blades
  9689 | D:9      | Found Histukig's Book Shoppe.
  9729 | D:9      | Noticed a wizard
  9730 | D:9      | Noticed a rime drake
  9736 | D:9      | Killed a rime drake
  9737 | D:9      | Reached XP level 11. HP: 66/75 MP: 5/11
  9752 | D:9      | Killed a wizard
 10006 | D:9      | Killed Pikel
 10319 | D:9      | Noticed Grum
 10334 | D:9      | Killed Grum
 10344 | D:9      | Noticed Prince Ribbit
 10348 | D:9      | Killed Prince Ribbit
 10357 | D:9      | Noticed a centaur warrior
 10404 | D:9      | Killed a centaur warrior
 10405 | D:9      | Reached skill level 15 in Long Blades
 10675 | D:9      | Noticed a wizard
 10694 | D:9      | Killed a wizard
 10924 | D:9      | Found Lugrybbu's General Store.
 11076 | D:9      | Found Vycsoiqyn's Book Boutique.
 11144 | D:9      | Noticed a cyclops
 11205 | D:9      | Killed a cyclops
 11245 | D:9      | Found Weyl's Magic Scroll Emporium.
 11253 | D:9      | Bought a scroll of identify for 28 gold pieces
 11253 | D:9      | Bought a scroll of identify for 28 gold pieces
 11253 | D:9      | Bought a scroll of identify for 28 gold pieces
 11313 | D:9      | Found a basalt altar of Yredelemnul.
 11943 | D:10     | Noticed Josephine
 11967 | D:10     | Killed Josephine
 11969 | D:10     | Noticed Erolcha
 11971 | Abyss:2  | Cast into level 2 of the Abyss (Erolcha)
 11994 | Abyss:2  | Acquired a +3 triple sword of holy wrath
 12013 | Abyss:2  | Mangled by a large abomination

Illustrated notes

Levels and vault maps discovered:
D:1:      psy_arrival_basics, layout_loops_cross
D:2:      layout_rooms
D:3:      layout_loops_corners, serial_shops, shop, shop,
          nicolae_shop_statue_plus, minmay_snake_closets
D:4:      layout_rooms, lemuel_temple_firewalk_a, minmay_pentangle
D:5:      layout_basic, nicolae_ru_the_path_less_chosen
D:6:      layout_rooms
D:7:      layout_loops_ring, overflow_temple_1_default,
          nicolae_gozag_cash_rules_everything_around_me
D:8:      layout_gridville, led_xom_imps, amcnicky_altar_gilded
D:9:      minmay_chopped_fan, layout_basic, mainiacjoe_overflow_brackets,
          serial_shops, nicolae_shop_waterfront, nicolae_lakefront_shop, shop,
          shop, uniq_grum, uniq_prince_ribbit1, uniq_pikel
D:10:     layout_basic, kennysheep_mini, nzn_wu_jian_council_hall,
          uniq_josephine, uniq_snorg, uniq_erolcha
Abyss:2:  base:
D:7

Skill      XL: |  1  2  3  4  5  6  7  8  9 10 11 |
---------------+----------------------------------+-----
Long Blades    | 4 5 6 7 8 10 12 14 15 | 15.8
Stealth        | 1 |  1.0
Armour         | 4 7 8 |  8.9
Fighting       | |  3.0
Dodging        | |  2.0

Action                     |  1- 3 |  4- 6 |  7- 9 | 10-12 || total
---------------------------+-------+-------+-------+-------++-------
  Melee: Falchion          |    87 |   193 |    90 |       ||   370
         Punch             |       |     3 |     2 |     2 ||     7
         Long sword        |       |       |   311 |       ||   311
         Scimitar          |       |       |       |   348 ||   348
  Throw: Boomerang         |       |       |     1 |       ||     1
 Invoke: Berserk           |       |     3 |     9 |    16 ||    28
         Trog's Hand       |       |     1 |     2 |     1 ||     4
    Use: Scroll            |       |    10 |     7 |     6 ||    23
         Potion            |       |     1 |     3 |    10 ||    14
   Stab: Sleeping          |     1 |       |       |       ||     1
 Armour: Animal skin       |     9 |       |       |       ||     9
         Ring mail         |    29 |     5 |       |       ||    34
         Scale mail        |       |   109 |   186 |       ||   295
         Plate armour      |       |       |       |   271 ||   271
  Dodge: Dodged            |    67 |   127 |   204 |   126 ||   524
  Block: Kite shield       |       |       |       |    32 ||    32
